 Dungeon Crawl Stone Soup version 0.27.1-4-g1640c2035a (webtiles) character file.

Game seed: 17455413372006621957

153 Descartes the Stinger (level 5, -2/28 HPs)
             Began as a Deep Elf Venom Mage on Nov 17, 2021.
             Slain by a water moccasin skeleton (5 damage)
             ... on level 4 of the Dungeon.
             The game lasted 00:16:46 (4938 turns).

Descartes the Stinger (Deep Elf Venom Mage)         Turns: 4938, Time: 00:16:47

Health: -2/28      AC:  6    Str:  6    XL:     5   Next: 12%
Magic:  11/11      EV: 10    Int: 20    God:
Gold:   142        SH:  0    Dex: 15    Spells: 3/10 levels left

rFire    . . .     SeeInvis .   i - +0 dagger (drain)
rCold    . . .     Faith    .   (no shield)
rNeg     . . .     Spirit   .   n - +0 ring mail {Will+}
rPois    +         Reflect  .   (no helmet)
rElec    .         Harm     .   (no cloak)
rCorr    .         Rampage  .   (no gloves)
Will     +....                  h - +0 pair of boots
Stlth    +.........             (no amulet)
HPRegen  0.09/turn              p - ring of poison resistance
MPRegen  0.12/turn              (no ring)

@: no status effects
A: no striking features
a: no special abilities


You were on level 4 of the Dungeon.
You visited 1 branch of the dungeon, and saw 4 of its levels.

You collected 142 gold pieces.

Inventory:

Hand Weapons
 d - a +0 dagger
 i - a +0 dagger of draining (weapon)
Missiles
 c - 34 arrows
 e - 73 stones
 g - 11 poisoned darts
 m - 2 boomerangs (quivered)
Armour
 a - a +0 robe
 h - a +0 pair of boots (worn)
 n - a +0 ring mail of willpower (worn)
Jewellery
 p - a ring of poison resistance (left hand)
Scrolls
 b - a scroll of silence {unknown}
 j - a scroll of vulnerability {unknown}
 k - 3 scrolls of teleportation {unknown}
 l - a scroll of holy word {unknown}
 o - a scroll of identify {unknown}
Potions
 f - a potion of might {unknown}


   Skills:
 + Level 2.7 Dodging
 - Level 2.4 Stealth
 - Level 3.0 Spellcasting
 + Level 0.0 Hexes
 + Level 3.9 Transmutations
 - Level 5.0 Poison Magic


You had 3 spell levels left.
You knew the following spells:

 Your Spells              Type           Power      Damage    Failure   Level
a - Sting                 Tmut/Pois      80%        1d7       10%         1
b - Vampiric Draining     Necr           1%         2d6       86%         3
c - Confusing Touch       Hex            3%         N/A       86%         3

Your spell library contained the following spells:

 Spells                   Type           Power      Damage    Failure   Level
 Poisonous Vapours        Pois/Air       26%        N/A       30%         2
 Slow                     Hex            3%         N/A       65%         2
 Mephitic Cloud           Conj/Pois/Air  9%         N/A       65%         3
 Olgreb's Toxic Radiance  Pois           23%        N/A       58%         4


Dungeon Overview and Level Annotations

Branches:
Dungeon (4/15)
 Temple: D:4-7

Altars:
Okawaru
Qazlal
Trog


Message History

The water moccasin skeleton is moderately damaged.
The water moccasin skeleton bites you.
* * * LOW HITPOINT WARNING * * *
You barely miss the water moccasin skeleton.
The water moccasin skeleton is moderately damaged.
The water moccasin skeleton bites you but does no damage.
You hit the water moccasin skeleton.
The water moccasin skeleton is heavily damaged.
The water moccasin skeleton closely misses you.
You hit the water moccasin skeleton.
The water moccasin skeleton is heavily damaged.
The water moccasin skeleton barely misses you.
You hit the water moccasin skeleton but do no damage.
The water moccasin skeleton is heavily damaged.
The water moccasin skeleton bites you but does no damage.
The water moccasin skeleton bites you.
* * * LOW HITPOINT WARNING * * *
You barely miss the water moccasin skeleton.
The water moccasin skeleton is heavily damaged.
The water moccasin skeleton barely misses you.
You hit the water moccasin skeleton.
The water moccasin skeleton is heavily damaged.
The water moccasin skeleton bites you but does no damage.
You hit the water moccasin skeleton.
The water moccasin skeleton is severely damaged.
The water moccasin skeleton bites you but does no damage.
You hit the water moccasin skeleton.
The water moccasin skeleton is severely damaged.
The water moccasin skeleton barely misses you.
You hit the water moccasin skeleton but do no damage.
The water moccasin skeleton is severely damaged.
The water moccasin skeleton bites you but does no damage. x2
You barely miss the water moccasin skeleton.
The water moccasin skeleton is severely damaged.
The water moccasin skeleton bites you.
* * * LOW HITPOINT WARNING * * *
You hit the water moccasin skeleton.
The water moccasin skeleton is severely damaged.
The water moccasin skeleton bites you.
You die...

.. ..# ##
########..## ..
#.......... ##
#........# ..
#........# #
#........### .
###....Z......
###.....@.......
#...#........###
#..$...)........
#####.......####
#.......##
###......#
##########
#.######
#........# #.#
#........# #.#


You could see a water moccasin skeleton.

Vanquished Creatures
  2 adders (D:2)
  4 gnolls (D:2)
  2 worms (D:3)
  A dart slug (D:2)
  10 ball pythons
  8 bats
  4 endoplasms
  14 giant cockroaches
  7 goblins
  4 hobgoblins
  8 jackals (D:1)
  3 quokkas
  3 frilled lizards (D:1)
  7 kobolds
  6 rats
83 creatures vanquished.

Notes
Turn   | Place    | Note
-------+----------+-------------------------------------------
     0 | D:1      | Descartes the Deep Elf Venom Mage began the quest for the
                  | Orb.
     0 | D:1      | Reached XP level 1. HP: 10/10 MP: 6/6
   254 | D:1      | Reached XP level 2. HP: 8/15 MP: 1/8
  1002 | D:1      | Reached skill level 4 in Poison Magic
  1350 | D:1      | Reached XP level 3. HP: 19/19 MP: 5/9
  1515 | D:1      | Found a faded altar of an unknown god.
  2386 | D:2      | Reached XP level 4. HP: 17/24 MP: 5/10
  3708 | D:3      | Found a stormy altar of Qazlal.
  4077 | D:3      | Reached skill level 5 in Poison Magic
  4250 | D:3      | Found an iron altar of Okawaru.
  4269 | D:3      | Found a bloodstained altar of Trog.
  4321 | D:3      | Reached XP level 5. HP: 28/28 MP: 7/11
  4801 | D:4      | Noticed a water moccasin
  4887 | D:4      | Learned a level 3 spell: Vampiric Draining
  4891 | D:4      | Learned a level 3 spell: Confusing Touch
  4938 | D:4      | Slain by a water moccasin skeleton

Illustrated notes

Levels and vault maps discovered:
D:1:      dpeg_arrival_circle_labyrinth_c, layout_loops_corners,
          ebering_ecumenical_altar_box, ebering_dispersal_statue_hall
D:2:      cheibrodos_helix_gallery, layout_loops_ring
D:3:      minmay_roachtagon, layout_basic, lemuel_coloured_pillars_altar,
          mainiacjoe_overflow_24_doors, nicolae_qazlal_eye_of_the_storm,
          minmay_misc_feat_chi, hangedman_decor_push
D:4:      minmay_recursive_quarters, layout_rooms, chequers_serial_rivers_room_b

Skill      XL: |  1  2  3  4 |
---------------+-------------+-----
Transmutations | 2 3 |  3.9
Poison Magic   | 4 5 |  5.0
Dodging        | |  2.7
Stealth        | |  2.4
Spellcasting   | |  3.0

Action                   |  1- 3 |  4- 6 || total
-------------------------+-------+-------++-------
Melee: Dagger            |    27 |    21 ||    48
 Cast: Sting             |    73 |    89 ||   162
Armor: Robe              |    18 |     5 ||    23
       Ring mail         |       |    11 ||    11
Dodge: Dodged            |    54 |    31 ||    85
